[Event "Open NK Rapid 2025"]
[Site "Helmond, Netherlands"]
[Date "2025.05.03"]
[Round "8.22"]
[White "Margaryan, Artur"]
[Black "Moskalets, Sofiia"]
[Result "1-0"]
[TimeControl "15+5"]
[WhiteFideId "13304348"]
[BlackFideId "34144293"]
[WhiteElo "2100"]
[BlackElo "1938"]

1. d4 d5 2. c4 e6 3. Nc3 c5 4. cxd5 exd5 5. Nf3 Nc6 6. g3 Nf6 7. Bg2 cxd4 8. Nxd4 Bc5 9. Nb3 Bb6 10. O-O Be6 11. Bg5 O-O 12. Qd2 d4 13.
Bxf6 Qxf6 14. Nd5 Bxd5 15. Bxd5 Rad8 16. Bg2 Rfe8 17. Nc1 Qe7 18. a3 Ne5 19. b3 Nc6 20. Ra2 h6 21. b4 Ne5 22.
Rc2 Rc8 23. Bh3 Rxc2 24. Qxc2 a5 25.
Qa4 axb4 26. axb4 Nc6 27. Bg2 Rc8 28. Qb5 Ba7 29. Bf3 Nxb4 30. Qxb7 Qxb7 31. Bxb7 Rc3 32. Be4 g6 33. Kg2 f5 34.
Bd3 Kf7 35. h4 Kf6 36. Rd1 Ra3 37. Bc4 Rc3 38. Bb5 Rc5 39. Ba4 Ra5 40. Bb3 Ra3 41. Bc4 Ra1 42. Rf1 Ra3 43. Nb3 Nc6 44.
Rb1 Ne5 45. Bb5 Ra2 46. Nc1 Rc2 47. Kf1 Ng4 48. Nd3 Rc3 49. Ra1 Rc7 50. Ra6+ Kg7 51. Kg2 Re7 52. Nf4 Bb8 53. Ne6+ Kh7 54.
Nxd4 Be5 55. Nc6 Re8 56. e3 Bg7 57. Ra7 Rc8 58. Rb7 h5 59. Ra7 Nf6 60. Ra2 Ng4 61. Nd4 Rb8 62. Be2 Rb7 63.
Ne6 Bf6 64. Bxg4 hxg4 65. Rc2 Re7 66. Nf4 Be5 67. Ne2 Rd7 68. Nc1 Rc7 69. Rxc7+ Bxc7 70. Nb3 Bb6 71. Nd4 Kg7 72. Ne6+ Kf6 73. Nf4 Bc5 74. Kf1 Bd6 75. Nd3 Bc7 76. Ke2 Bd6 77.
Kd2 Ke6 78. Nf4+ Kf6 79. Kd3 Kg7 80. Kc4 Be5 81. Kd5 Bc3 82. e4 Kf6 83. Nd3 fxe4 84. Kxe4 Bd2 85. Nf4 Be1 86. Ke3 Kf5 87. Nd3 Bc3 88. Nc1 Bg7 89.
Ne2 Bh6+ 90. Kd3 Ke5 91. Nc3 Kf5 92. Nd5 g5 93. h5 Bf8 94. Ne3+ Kf6 95. Nxg4+ Kf5 96. Ne3+ Kf6 97. Ke4 Bc5 98. g4 Ba7 99. f3 Bb8 100.
Nd5+ Kg7 101. Kf5 Kh6 102. Nc3 Bf4 103. Ne4 Be3 104. Nd6 Kg7 105. Nc4 Bc1 106. Nd6 Bf4 107. Ke6 Bc1 108.
Nf5+ Kh7 109. Kf7 Bd2 110. Ng3 Bf4 111.
Ne2 Be3 112. Kf6 Kh6 113. Kf5 Bd2 114.
f4 gxf4 115. Nxf4 Bc1 116. g5+ Kg7 117. Ne6+ Kg8 118. Kg6 Bd2 119. h6 Bc3 120. Nf4 Bh8 121. Nd5 Be5 122. Nf6+ Kh8 123. Kh5 Bd4 124.
Ne8 Bc3 125. g6 Kg8 126. Nd6 Bd4 127.
Nf5 Bf6 128. h7+ Kh8 129. Nd6 1-0

[Event "Open NK Rapid 2025"]
[Site "Helmond, Netherlands"]
[Date "2025.05.03"]
[Round "8.23"]
[White "Van Ree, Thailo"]
[Black "Baselmans, Luuk"]
[Result "0-1"]
[TimeControl "15+5"]
[WhiteFideId "40102181"]
[BlackFideId "1051008"]
[WhiteElo "1877"]
[BlackElo "2405"]

1. d4 Nf6 2. c4 e6 3. Nc3 Bb4 4. Qc2 O-O 5. e4 d5 6. e5 Ne4 7. a3 Bxc3+ 8. bxc3 c5 9. Bb2 cxd4 10. cxd4 Qa5+ 11. Ke2 f5 12.
h4 dxc4 13. Rh3 Nc6 14. Rd1 Bd7 15. f3 c3 16. fxe4 cxb2 17. Nf3 fxe4 18. Qxe4 Ne7 19. Kf2 Nd5 20. Bd3 g6 21. Rg3 Be8 22.
Kg1 Nc3 23. Qxb7 Nxd1 24. Qxa8 Bb5 25. Qe4 Bxd3 26. Qxd3 Qc3 27. Rxg6+ Kh8 0-1

[Event "Open NK Rapid 2025"]
[Site "Helmond, Netherlands"]
[Date "2025.05.03"]
[Round "8.24"]
[White "Messaoudi, Nino"]
[Black "Grooten, Herman"]
[Result "1-0"]
[TimeControl "15+5"]
[WhiteFideId "1099930"]
[BlackFideId "1000330"]
[WhiteElo "1875"]
[BlackElo "2219"]

1. d4 Nf6 2. c4 e6 3. Nc3 Bb4 4. f3 d5 5. a3 Bxc3+ 6. bxc3 c6 7. e3 O-O 8.
Bd3 b6 9. Ne2 Ba6 10. cxd5 Bxd3 11. Qxd3 cxd5 12. O-O Qc8 13. e4 Nc6 14. e5 Nd7 15. f4 f5 16. g4 Ne7 17. Ng3 Qc4 18.
Qxc4 dxc4 19. gxf5 Nxf5 20. a4 a6 21. Ba3 Rf7 22. Nxf5 Rxf5 23. Bd6 Kf7 24. Kg2 Rg8 25. h4 h6 26.
Rae1 Ke8 27. Kg3 Kd8 28. Kg4 g6 29. Rb1 Rg7 30. Kh3 g5 31. fxg5 hxg5 32. Rxf5 exf5 33. e6 Nf6 34. Rxb6 g4+ 35.
Kg2 Rc7 36. Bxc7+ Kxc7 37. Rxa6 f4 38.
e7 f3+ 39. Kf1 Ne8 40. Rg6 1-0

[Event "Open NK Rapid 2025"]
[Site "Helmond, Netherlands"]
[Date "2025.05.03"]
[Round "8.25"]
[White "Elferink, Leon"]
[Black "Kools, Thomas"]
[Result "1-0"]
[TimeControl "15+5"]
[WhiteFideId "1086545"]
[BlackFideId "1054759"]
[WhiteElo "1822"]
[BlackElo "2094"]

1. e4 c5 2. Nf3 e6 3. c3 Nf6 4. e5 Nd5 5. g3 b6 6. Bg2 Bb7 7.
O-O d6 8. exd6 Bxd6 9. d4 O-O 10. Nbd2 Nf6 11. Re1 cxd4 12. Nc4 Bc5 13. b4 Be7 14. Qxd4 Qxd4 15. Nxd4 Bxg2 16. Kxg2 Rc8 17.
Ne5 Rxc3 18. Bb2 Rc8 19. b5 Nfd7 20. Nec6 Nxc6 21. Nxc6 Bf8 22. Rad1 Nc5 23.
Ba3 a6 24. Bxc5 Bxc5 25. a4 axb5 26. axb5 Ra2 27. Rd7 Rxf2+ 28. Kh3 g6 29. Ra1 Rf8 30. Raa7 h5 31. Ne5 Kg7 32. Rac7 Kf6 33.
Nd3 Rc2 34. Nxc5 Rxc5 35. Rxc5 bxc5 36. Rc7 Rb8 37. Rxc5 e5 38. Kg2 Rb7 39. Kf3 Ke6 40. h3 Rb6 41. Ke4 f5+ 42. Kd3 Kd6 43. Kc4 Rb7 44. Rc6+ Ke7 45.
Rxg6 f4 46. Rg7+ 1-0

[Event "Open NK Rapid 2025"]
[Site "Helmond, Netherlands"]
[Date "2025.05.03"]
[Round "9.1"]
[White "Warmerdam, Max"]
[Black "Sydykov, Bayastan"]
[Result "1-0"]
[TimeControl "15+5"]
[WhiteFideId "1048104"]
[BlackFideId "13829610"]
[WhiteElo "2517"]
[BlackElo "2297"]

1. Nf3 d5 2. g3 Bg4 3. Bg2 Nd7 4. h3 Bxf3 5. Bxf3 c6 6. d4 Ngf6 7. c4 e6 8. O-O Be7 9. Qc2 O-O 10.
Rd1 Rc8 11. Nd2 c5 12. dxc5 Bxc5 13. Qb3 Qc7 14. Kg2 Ne5 15. cxd5 Nxf3 16. Nxf3 Nxd5 17. Bd2 Qb6 18. Qxb6 Bxb6 19.
Rac1 Rfd8 20. e4 Rxc1 21. Rxc1 Ne7 22. Kf1 Nc6 23. Ke2 f6 24.
Be3 Bxe3 25. Kxe3 Kf7 26. Ne1 Ke7 27. Nd3 Rd6 28. h4 e5 29. h5 b6 30. f4 Kd7 31. b4 Re6 32. b5 Ne7 33. fxe5 fxe5 34. a4 g6 35.
hxg6 hxg6 36. Rh1 Nc8 37. Rh7+ Kd6 38. g4 Re8 39. g5 Ne7 40. Rf7 Rh8 41. Rf6+ Kc7 42. Nxe5 Rh3+ 43. Kf4 Rh4+ 44.
Kf3 Rh5 45. Nxg6 Nc8 46. Kg4 Rh1 47. e5 Rg1+ 48. Kf5 Kd7 49. Rf7+ Kd8 50. e6 Nd6+ 51. Ke5 Nc4+ 52. Kf6 1-0

[Event "Open NK Rapid 2025"]
[Site "Helmond, Netherlands"]
[Date "2025.05.03"]
[Round "9.2"]
[White "Bok, Benjamin"]
[Black "Beerdsen, Thomas"]
[Result "1-0"]
[TimeControl "15+5"]
[WhiteFideId "1017063"]
[BlackFideId "1030108"]
[WhiteElo "2583"]
[BlackElo "2485"]

1. Nf3 d5 2. d4 Nf6 3. c4 c6 4. cxd5 cxd5 5. Nc3 Nc6 6. Bf4 a6 7. Rc1 e6 8. e3 Bd6 9. Bg3 O-O 10. Bd3 h6 11. Ne5 Bxe5 12. dxe5 Nd7 13. f4 f6 14. exf6 Nxf6 15.
O-O Bd7 16. Kh1 Qe7 17. Bh4 Qf7 18. e4 Rae8 19. e5 Nh5 20. Bb1 Nxf4 21. g3 Qh5 22. Qc2 Rf5 23. Rxf4 Nxe5 24. Qe2 Qxe2 25.
Nxe2 Rff8 26. Rxf8+ Rxf8 27. g4 Nxg4 28. Kg1 e5 29.
Bg3 Re8 30. Rc7 Bc6 31. Bg6 Rf8 32. h3 Ne3 33. Bxe5 Rf1+ 34. Kh2 Rf2+ 35. Kg3 Rg2+ 36. Kf4 Rxg6 37. Kxe3 Rg2 38. Nf4 Rg1 39. Kd4 Re1 40. Rxg7+ Kf8 41. Ng6+ Ke8 42. Kc5 d4 43.
Re7+ Kd8 44. Bc7+ 1-0

[Event "Open NK Rapid 2025"]
[Site "Helmond, Netherlands"]
[Date "2025.05.03"]
[Round "9.3"]
[White "Roebers, Eline"]
[Black "Fridman, Daniel"]
[Result "0-1"]
[TimeControl "15+5"]
[WhiteFideId "1058401"]
[BlackFideId "11600454"]
[WhiteElo "2390"]
[BlackElo "2539"]

1. e4 e6 2. d4 d5 3.
Nc3 Nf6 4. e5 Nfd7 5. f4 c5 6.
Nf3 Nc6 7. Be3 Qb6 8. Na4 Qa5+ 9. c3 b6 10. Bd3 Ba6 11. Bc2 Bb5 12. a3 c4 13.
O-O Be7 14. f5 exf5 15. Ng5 Bxg5 16. Bxg5 g6 17. g4 f4 18. Qf3 f6 19. exf6 O-O-O 20. f7 Bxa4 21. Bxa4 Qxa4 22. Bxd8 Nxd8 23.
Qxd5 Qc6 24. Qxc6+ Nxc6 25. Rxf4 Rf8 26. Re1 Kd8 27. h4 Ne7 28. Re6 Nd5 29. Rf3 Nc7 30. Re4 b5 31. h5 Nb6 32.
hxg6 hxg6 33. Kg2 Nbd5 34. Kg3 Kd7 35.
Re5 Ne7 36. Kh4 Nc6 37. Re2 Nd8 38. Rf6 Nd5 39. Rxg6 Rxf7 40. Ra6 Nc6 41. Kg3 Nc7 42. Rxc6 Kxc6 43. g5 Kd6 44. Re5 Rf1 45. Kg4 Rf2 46. g6 Rxb2 47. Kf5 Rf2+ 48.
Kg5 Ne6+ 49. Kh5 a6 50. a4 Rh2+ 51. Kg4 Rg2+ 52. Kf5 Rg5+ 53. Kf6 Rxe5 54. dxe5+ Kd5 55. axb5 axb5 0-1

[Event "Open NK Rapid 2025"]
[Site "Helmond, Netherlands"]
[Date "2025.05.03"]
[Round "9.4"]
[White "Stolwijk, Colin"]
[Black "Peng, Li Min"]
[Result "0-1"]
[TimeControl "15+5"]
[WhiteFideId "1033743"]
[BlackFideId "14112620"]
[WhiteElo "2286"]
[BlackElo "2510"]

1. e4 g6 2. d4 Bg7 3. Nf3 d6 4. Be3 Nf6 5. Nc3 Nc6 6. h3 O-O 7. Qd2 a6 8. Bh6 b5 9. Bd3 e5 10.
d5 Ne7 11. g4 c6 12. Bxg7 Kxg7 13. dxc6 Nxc6 14. O-O-O Be6 15. g5 Nh5 16. Bf1 Qb6 17. Nd5 Bxd5 18. exd5 Ne7 19. Nh2 Rac8 20.
Ng4 Rc5 21. Nf6 Nxf6 22. gxf6+ Kxf6 23. Qh6 Rfc8 24. Bd3 Nxd5 25. Rhg1 Nf4 26. Kb1 Ke7 27. Qh4+ Ke6 28. Qxh7 Rd5 29.
Qh4 Qc6 30. Rc1 Rc5 31. Qg4+ Kf6 32. Qg5+ Kg7 33. h4 Nxd3 34.
cxd3 Rxc1+ 35. Rxc1 Qxc1+ 36. Qxc1 Rxc1+ 37. Kxc1 Kh6 38. Kd2 Kh5 39. Kc3 Kxh4 40.
Kb4 f5 41. Ka5 g5 42. Kxa6 g4 43.
Kxb5 f4 44. a4 g3 45. a5 gxf2 0-1

[Event "Open NK Rapid 2025"]
[Site "Helmond, Netherlands"]
[Date "2025.05.03"]
[Round "9.5"]
[White "Dgebuadze, Alexandre"]
[Black "Smeets, Kobe"]
[Result "1-0"]
[TimeControl "15+5"]
[WhiteFideId "203882"]
[BlackFideId "1063910"]
[WhiteElo "2454"]
[BlackElo "2192"]

1. e4 e5 2. Nf3 Nc6 3. Bb5 a6 4. Ba4 Nf6 5. d3 d6 6. c4 g6 7. Nc3 Bg7 8. Nd5 h6 9. h3 Bd7 10. Be3 Nxd5 11. cxd5 Ne7 12. Bxd7+ Qxd7 13.
d4 exd4 14. Bxd4 O-O 15. Bxg7 Kxg7 16. Qd4+ Kh7 17. O-O Rae8 18. Rad1 Nc8 19. e5 Nb6 20. Rfe1 Qa4 21. b4 dxe5 22.
Nxe5 Nd7 23. Ng4 h5 24. Ne3 Re5 25. Qc3 Rc8 26.
d6 c5 27. Nd5 Rxe1+ 28. Rxe1 Qxa2 29. Nf6+ Nxf6 30. Qxf6 Qd5 31. Re7 Kg8 32. bxc5 a5 33. d7 Rf8 34. Qd6 Qf5 35. Re8 1-0

[Event "Open NK Rapid 2025"]
[Site "Helmond, Netherlands"]
[Date "2025.05.03"]
[Round "9.6"]
[White "Grooten, Tommy"]
[Black "Cernov, Vadim"]
[Result "0-1"]
[TimeControl "15+5"]
[WhiteFideId "1068806"]
[BlackFideId "1210629"]
[WhiteElo "2027"]
[BlackElo "2320"]

1. Nf3 Nf6 2. c4 Nc6 3.
d4 e6 4. a3 d6 5. Nc3 g6 6.
e4 Bg7 7. Be2 O-O 8. d5 exd5 9. cxd5 Ne7 10.
O-O c6 11. dxc6 Nxc6 12. Bf4 Re8 13. Qc2 d5 14. exd5 Nxd5 15. Nxd5 Qxd5 16. Rad1 Qf5 17. Qxf5 Bxf5 18. Rd2 Rad8 19.
Rfd1 Rxd2 20. Rxd2 h6 21. h4 Na5 22. Bb5 Re4 23. Be3 b6 24. Rd8+ Kh7 25. b4 Nb7 26. Nd4 Nxd8 0-1

[Event "Open NK Rapid 2025"]
[Site "Helmond, Netherlands"]
[Date "2025.05.03"]
[Round "9.7"]
[White "Chua, Ethan"]
[Black "Cernov, Henrik"]
[Result "0-1"]
[TimeControl "15+5"]
[WhiteFideId "1089250"]
[BlackFideId "16258312"]
[WhiteElo "2069"]
[BlackElo "2291"]

1. e4 c5 2. Nf3 e6 3.
d4 cxd4 4. Nxd4 Nf6 5. Nc3 Nc6 6. Ndb5 Bc5 7. Bf4 O-O 8. Bc7 Qe7 9. Bd6 Bxd6 10. Qxd6 Qd8 11. O-O-O a6 12. Nd4 Ne7 13.
h4 b5 14. f3 Ne8 15. Qf4 b4 16. Nce2 Qa5 17. Qd2 Qb6 18. h5 a5 19. g4 a4 20. g5 Nc6 21. f4 Na5 22. Ng3 b3 23.
cxb3 axb3 24. a3 Bb7 25. Kb1 Nd6 26. Bg2 Nac4 27. Qe2 Rfc8 28. e5 Bxg2 29. Rhg1 Bd5 30. exd6 Qxd6 31. f5 Nxa3+ 32. bxa3 Qxa3 33. Qb2 Qxb2+ 34. Kxb2 Ra2+ 35. Kb1 b2 36.
h6 Rb8 37. Rge1 Ra1+ 38. Kc2 Rxd1 39. Rxd1 Ba2 40. Rb1 Bxb1+ 41. Kxb1 Rb4 42. Nf3 Rb3 43. Kc1 0-1

[Event "Open NK Rapid 2025"]
[Site "Helmond, Netherlands"]
[Date "2025.05.03"]
[Round "9.8"]
[White "Bekkink, Sereyo"]
[Black "Kuipers-Haast, Anne"]
[Result "0-1"]
[TimeControl "15+5"]
[WhiteFideId "1037161"]
[BlackFideId "1017292"]
[WhiteElo "2064"]
[BlackElo "2272"]

1. e4 c5 2. c3 e6 3. d4 cxd4 4.
cxd4 Nf6 5. Nc3 Bb4 6. Bd3 Nc6 7. Nf3 d5 8. e5 Ne4 9. Qc2 Qa5 10. Bd2 Nxd2 11. Qxd2 Bd7 12. O-O Rc8 13.
Qg5 g6 14. Qf6 O-O 15. Qh4 Be7 16. Qh6 Qd8 17. a3 Re8 18. Nb5 Bf8 19. Qf4 h6 20. h4 a6 21. Nd6 Bxd6 22. exd6 Kg7 23. Ne5 Rf8 24. h5 Be8 25.
hxg6 fxg6 26. Qg4 Rf6 27. Rae1 Qxd6 28. Re3 Ne7 29. Qh3 h5 30. g4 Bf7 31. f4 hxg4 32. Nxg4 Rh8 33. Qg3 Nf5 34. Bxf5 Rxf5 35. Re5 Qb6 36. Qe3 Rh4 37. Qe2 Qxd4+ 38. Kg2 Rxf4 39. Nf2 Rf6 40. Re3 Qf4 41. Rg3 e5 42. Rd1 d4 43. Nd3 Bd5+ 0-1

[Event "Open NK Rapid 2025"]
[Site "Helmond, Netherlands"]
[Date "2025.05.03"]
[Round "9.9"]
[White "Blijlevens, Pim"]
[Black "Beeke, Bob"]
[Result "0-1"]
[TimeControl "15+5"]
[WhiteFideId "1022997"]
[BlackFideId "1011634"]
[WhiteElo "1969"]
[BlackElo "2217"]

1. d4 d5 2. c4 dxc4 3. Nc3 Nf6 4.
e3 e6 5.
Bxc4 a6 6. a4 c5 7. Nf3 Nc6 8. O-O Be7 9. dxc5 Bxc5 10. Qe2 O-O 11. Rd1 Qe7 12. h3 h6 13. e4 Rd8 14. Be3 Bd7 15.
Rac1 Be8 16. Ba2 Rxd1+ 17. Rxd1 Rc8 18. e5 Nd7 19. Bf4 Nb4 20. Bb1 Nf8 21. Ne4 Bxa4 22. Rc1 Bb5 23. Qd1 Rd8 24.
Qb3 Nd3 25. Bxd3 Rxd3 26. Qc2 Bb6 27. Nd6 Rd5 28. Nc8 Qd8 29. Nxb6 Qxb6 30. Bg3 Bc6 31. Kh2 Rb5 32. Rb1 Ng6 33.
Qe2 Qc5 34. Rd1 Bd5 35. Rd2 Ne7 36. Nh4 Rb4 37. Rc2 Rc4 38. Rxc4 Qxc4 39. Qe3 Nc6 40. Nf3 Qb3 41. Qxb3 Bxb3 42.
Bf4 Bd5 43. Kg3 Kf8 44. Nd2 g5 45. Be3 Nxe5 46. Bd4 Nd7 47. f3 e5 48. Be3 Ke7 49. Kg4 Kf6 50. h4 gxh4 51. Bxh6 Kg6 52.
Be3 f5+ 53. Kxh4 f4 54. Bf2 Kf5 55. g4+ fxg3 56. Kxg3 Nf6 57. Bb6 Nh5+ 58. Kf2 Nf4 59. Ke3 Bc6 60. Bc5 Nd5+ 61. Ke2 Nf4+ 62.
Ke3 b6 63. Bf8 Bd5 64. Nf1 Bc4 65. Nd2 Nd5+ 66. Kf2 Bd3 67. Bd6 a5 68. Bf8 Ke6 69. Nb3 Bc2 70. Nd2 b5 71. Bc5 Nf4 72. Bb6 a4 73. Ne4 Nd3+ 74.
Ke3 Nxb2 75. Kd2 Bxe4 76. fxe4 Nc4+ 0-1

[Event "Open NK Rapid 2025"]
[Site "Helmond, Netherlands"]
[Date "2025.05.03"]
[Round "9.10"]
[White "Van Batenburg, Mees"]
[Black "Roebers, Jan"]
[Result "1-0"]
[TimeControl "15+5"]
[WhiteFideId "1078259"]
[BlackFideId "1007815"]
[WhiteElo "2217"]
[BlackElo "2058"]

1. e4 e5 2. Nf3 d6 3. Nc3 Nf6 4.
d4 Nbd7 5. a4 Be7 6. a5 a6 7. Be2 O-O 8. O-O c6 9. Re1 Qc7 10. h3 Re8 11. d5 cxd5 12. exd5 Bf8 13. Be3 g6 14.
Nd2 b5 15. axb6 Nxb6 16. Bxb6 Qxb6 17. Nc4 Qb7 18. Ra3 Bd7 19. Bf3 Qc7 20. Na5 Bg7 21. Nc6 e4 22. Nxe4 Nxe4 23. Bxe4 Bxb2 24.
Rb3 Bg7 25. Qb1 f5 26. Bf3 Rxe1+ 27. Qxe1 Re8 28. Qb1 Bc8 29. Rb8 Bf6 30. Qb4 a5 31. Qb5 Kf7 32. c4 h5 33. Ra8 Re1+ 34. Kh2 Be5+ 35. Nxe5+ Rxe5 36.
Rxa5 Bd7 37. Qb4 h4 38. Ra6 g5 39. Qxd6 Qxd6 40. Rxd6 Bc8 41. Bh5+ Ke7 42. Rg6 g4 43. hxg4 fxg4 44.
Bxg4 Ba6 45. Rxa6 1-0

[Event "Open NK Rapid 2025"]
[Site "Helmond, Netherlands"]
[Date "2025.05.03"]
[Round "9.11"]
[White "Van Roon, Sjoerd"]
[Black "Van Ravensteijn, Antal"]
[Result "0-1"]
[TimeControl "15+5"]
[WhiteFideId "1051075"]
[BlackFideId "1060759"]
[WhiteElo "2179"]
[BlackElo "2048"]

1. e4 d5 2. exd5 Qxd5 3. Nc3 Qd8 4. d4 Nf6 5. Nf3 g6 6. Bf4 Bg7 7. Qd2 h5 8. O-O-O Bg4 9. Be2 Nd5 10.
Nxd5 Qxd5 11. Kb1 Nc6 12. c4 Qd7 13. d5 Nb4 14. a3 Bf5+ 15. Ka1 a5 16. Rc1 Qa4 17. Bd1 Qxa3# 0-1

[Event "Open NK Rapid 2025"]
[Site "Helmond, Netherlands"]
[Date "2025.05.03"]
[Round "9.12"]
[White "Kurt, Sascha"]
[Black "Kazarjan, Gachatur"]
[Result "1/2-1/2"]
[TimeControl "15+5"]
[WhiteFideId "1082647"]
[BlackFideId "1068750"]
[WhiteElo "1953"]
[BlackElo "2155"]

1. e4 c5 2. Nf3 d6 3. Bb5+ Nd7 4. d4 cxd4 5. Nxd4 a6 6. Bd3 Ngf6 7. O-O g6 8. c4 Bg7 9. Re1 O-O 10. Nc3 Nc5 11. Nb3 Nxd3 12. Qxd3 Be6 13.
Nd4 Nd7 14. Nxe6 fxe6 15. Qh3 Kh8 16. Qxe6 Nc5 17. Qh3 Qb6 18. Nd5 Qa5 19. Bh6 Bxb2 20. Bxf8 Bxa1 21. Rxa1 Rxf8 22. Nxe7 Kg7 23.
Qe3 Ne6 24. Nd5 Qc5 25. Qxc5 Nxc5 26. f3 Kf7 27. Kf2 Ke6 28. Ke3 Rf7 29. Rb1 g5 30. g3 h6 31. f4 gxf4+ 32. gxf4 Rg7 33.
Kf3 h5 34. e5 dxe5 35. Rb6+ Kd7 36. fxe5 Rg1 37. Rd6+ Ke8 38. Ke3 Nd7 39. Nf6+ Nxf6 40. Rxf6 Re1+ 41. Kd4 Re2 42. h4 Rh2 43. Rf4 Ke7 44.
Kd5 Rxa2 45. Rf5 Ra5+ 46. Kd4 Ra4 47. Kc5 Ke6 48. Rxh5 b5 49. cxb5 axb5 50. Kxb5 Re4 51. Kc6 Rxe5 52. Rh8 Kf7 53. Kd6 Re1 54.
Rh5 Kg6 55. Rg5 Kh6 56. Rg8 Rh1 57. Ke5 Rf1 58. Rh8+ Kg7 59. Rh5 Kg6 60. Rg5+ Kh6 61. Rg4 Kh5 62. Re4 Rf8 63. Kd4 Rg8 64. Ke3 Rg4 65. Re8 Kxh4 66.
Kf3 Ra4 67. Re3 Kg5 68. Ke4 1/2-1/2

[Event "Open NK Rapid 2025"]
[Site "Helmond, Netherlands"]
[Date "2025.05.03"]
[Round "9.13"]
[White "Baselmans, Luuk"]
[Black "Aarts, Joaquin"]
[Result "1-0"]
[TimeControl "15+5"]
[WhiteFideId "1051008"]
[BlackFideId "1078224"]
[WhiteElo "2405"]
[BlackElo "2027"]

1. e4 c5 2. Nf3 d6 3.
Bb5+ Nd7 4. Ba4 Ngf6 5. O-O e6 6. Re1 Be7 7. c3 a6 8. d4 b5 9. Bc2 cxd4 10. cxd4 e5 11. a4 Bb7 12.
axb5 axb5 13. Rxa8 Qxa8 14. d5 O-O 15. Be3 Rc8 16. Bd3 Ba6 17. Qe2 Nb8 18. b4 Qb7 19. Rc1 Rxc1+ 20. Bxc1 Ne8 21.
Nc3 Nc7 22. Be3 Nd7 23. Nd2 Nb6 24. Bxb6 Qxb6 25. Nb3 Bg5 26. Qg4 h6 27. Qd7 Be3 28. Nd1 Bg5 29. g3 h5 30. Qf5 f6 31.
h4 Bh6 32. Be2 Qb8 33. Qxh5 Qd8 34. Bg4 Bc8 1-0

[Event "Open NK Rapid 2025"]
[Site "Helmond, Netherlands"]
[Date "2025.05.03"]
[Round "9.14"]
[White "Leenen, Boyd"]
[Black "Schneider, Ilja"]
[Result "0-1"]
[TimeControl "15+5"]
[WhiteFideId "1083937"]
[BlackFideId "4663306"]
[WhiteElo "1931"]
[BlackElo "2438"]

1. d4 Nf6 2. c4 e6 3. Nc3 Bb4 4. f3 d5 5. a3 Bd6 6.
cxd5 exd5 7. Bg5 h6 8. Bh4 c6 9. e4 dxe4 10. fxe4 Be7 11. Bg3 O-O 12. Nf3 Bg4 13. Be2 Nh5 14.
Bf2 Nf4 15. O-O Nd7 16. Be3 Nxe2+ 17. Qxe2 f5 18. Qc4+ Kh8 19. e5 f4 20. Bd2 Nb6 21. Qb3 Bxf3 22. Rxf3 Qxd4+ 23. Rf2 Bh4 24. Be1 Bxf2+ 25. Bxf2 Qxe5 26. Re1 Qf5 27. Rf1 Qf7 28. Qc2 Nd5 29. Nb1 Qf5 30. Qc5 f3 31. gxf3 Qxf3 32. Nd2 Qe2 33. Nc4 Rf5 34. Qd4 Raf8 35.
Nd2 c5 36. Qxc5 Qxd2 37. h4 Nf4 38.
Qe3 Nh3+ 39. Kg2 Rxf2+ 0-1

[Event "Open NK Rapid 2025"]
[Site "Helmond, Netherlands"]
[Date "2025.05.03"]
[Round "9.15"]
[White "Hilwerda, Jonas"]
[Black "Madularea, David"]
[Result "0-1"]
[TimeControl "15+5"]
[WhiteFideId "1046713"]
[BlackFideId "1070215"]
[WhiteElo "2233"]
[BlackElo "1921"]

1. e4 d6 2. d4 Nf6 3. Nc3 e6 4. Be3 Be7 5. Be2 O-O 6. g4 c5 7. g5 Nfd7 8. h4 cxd4 9. Qxd4 Nc6 10.
Qd2 a6 11. f4 b5 12. Nf3 Nc5 13. a3 Bb7 14. h5 f5 15.
exf5 Rxf5 16. Nh4 Rf8 17. Bf3 Na5 18. Qe2 Bxf3 19. Nxf3 Nc4 20. Bxc5 dxc5 21. Qxe6+ Kh8 22. Nd5 Re8 23. O-O-O Bf6 24. Qf7 Bxb2+ 25. Kb1 Qa5 26. Nh4 h6 27. Rh3 Re1 28. Rhd3 Rxd1+ 29. Rxd1 Qxa3 30. c3 Qa1+ 31. Kc2 Qa4+ 0-1

[Event "Open NK Rapid 2025"]
[Site "Helmond, Netherlands"]
[Date "2025.05.03"]
[Round "9.16"]
[White "Labruyere, Roger"]
[Black "Elferink, Leon"]
[Result "1-0"]
[TimeControl "15+5"]
[WhiteFideId "1059505"]
[BlackFideId "1086545"]
[WhiteElo "2117"]
[BlackElo "1822"]

1. d4 d5 2. c4 e6 3. Nf3 Nf6 4. g3 dxc4 5. Bg2 c5 6. O-O Nc6 7. Ne5 Bd7 8.
Na3 cxd4 9. Naxc4 Nd5 10. e4 dxe3 11. fxe3 Nf6 12. g4 h6 13. h4 Qc7 14. Nxd7 Qxd7 15. Qf3 Rd8 16. b3 Qd5 17. Qf2 Qd7 18.
Bb2 Nxg4 19. Qf4 e5 20.
Bxc6 exf4 21. Bxd7+ Rxd7 22. Rxf4 h5 23. Re4+ Kd8 24. Bd4 b6 25. Rc1 f6 26. Nxb6 Rc7 27. Rxc7 Kxc7 28. Nd5+ Kd6 29.
Nf4 Ne5 30. Bxe5+ fxe5 31. Ng6 Rg8 32. Rxe5 Kd7 33. Nxf8+ Rxf8 34. Rxh5 Rc8 35. Rg5 Rc1+ 36. Kh2 Ke6 37. Rxg7 Rc2+ 38.
Rg2 Rc3 39. h5 Rxe3 40. h6 Re5 41. Rg3 Kf7 42. h7 Re8 43. Rh3 Kg7 44. h8=Q+ Rxh8 45. Rxh8 Kxh8 46. Kg3 Kg7 47. Kf4 Kf6 48. Ke4 Ke6 49. Kd4 Kd6 50.
b4 Kc6 51. Kc4 a6 52. a4 Kd6 53. Kd4 Kc6 54. Ke5 Kb7 55.
Kd6 Kb6 56. Kd7 Kb7 57. a5 Ka8 58. Kc6 Ka7 59. Kc7 1-0

[Event "Open NK Rapid 2025"]
[Site "Helmond, Netherlands"]
[Date "2025.05.03"]
[Round "9.17"]
[White "De Wit, Evan"]
[Black "Margaryan, Artur"]
[Result "0-1"]
[TimeControl "15+5"]
[WhiteFideId "1096389"]
[BlackFideId "13304348"]
[WhiteElo "1917"]
[BlackElo "2100"]

1. e4 c5 2. Nf3 e6 3. d4 cxd4 4. Nxd4 a6 5. Nc3 Qc7 6. Be3 Bb4 7. Qd3 Nf6 8. O-O-O Bxc3 9. bxc3 d5 10. exd5 Nxd5 11. c4 Nxe3 12.
Qxe3 O-O 13. Bd3 Nd7 14. h4 Nc5 15. Nb3 Nxd3+ 16. cxd3 Bd7 17. g4 b5 18. c5 Bc6 19. Rhg1 Bd5 20.
d4 a5 21. Qg3 Qb7 22. f4 b4 23. Kb2 a4 24. Nd2 Rfb8 25. f5 Qb5 26. Rde1 a3+ 27. Ka1 b3 28. Nxb3 Qb4 29. Rd1 Rb7 30.
fxe6 fxe6 31. Qe3 Rf8 32. Rgf1 Rbf7 33. Rxf7 Rxf7 34. Qd2 Qb5 35. Qa5 Qe2 36. Rb1 Be4 37. Qd8+ Rf8 0-1

[Event "Open NK Rapid 2025"]
[Site "Helmond, Netherlands"]
[Date "2025.05.03"]
[Round "9.18"]
[White "Uddin, Ahnaf Tajwar"]
[Black "Zhang, Xiheng"]
[Result "0-1"]
[TimeControl "15+5"]
[WhiteFideId "1050842"]
[BlackFideId "40102386"]
[WhiteElo "2081"]
[BlackElo "1778"]

1. b3 Nf6 2. Bb2 g6 3. e3 Bg7 4. f4 d5 5. Nf3 c5 6. Be2 Nc6 7. Bb5 Bd7 8. O-O O-O 9. d3 Rc8 10.
Bxc6 Bxc6 11. Nbd2 a6 12. Ne5 Nd7 13. Nxc6 Rxc6 14. Bxg7 Kxg7 15. Qf3 e6 16. e4 dxe4 17. dxe4 Nf6 18.
Rad1 Qc7 19. e5 Nd5 20. Ne4 c4 21. Rxd5 exd5 22. Nf6 cxb3 23. cxb3 Rc3 24. Qxd5 Rd8 25. Qe4 Qc5+ 26. Kh1 Rc1 27. Qf3 Rxf1+ 28. Qxf1 Qc2 0-1

[Event "Open NK Rapid 2025"]
[Site "Helmond, Netherlands"]
[Date "2025.05.03"]
[Round "9.19"]
[White "Vasylchenko, Maksym"]
[Black "Ritzerveld, Noah"]
[Result "0-1"]
[TimeControl "15+5"]
[WhiteFideId "34150617"]
[BlackFideId "1085760"]
[WhiteElo "1853"]
[BlackElo "2053"]

1. d4 d5 2. c4 c6 3.
cxd5 cxd5 4. Nf3 Nc6 5. Nc3 Nf6 6. Ne5 Bf5 7. f3 e6 8. g4 Bg6 9. h4 h6 10. Nxg6 fxg6 11. Qd3 Kf7 12.
a3 Bd6 13. Kf2 e5 14. dxe5 Nxe5 15. Qb5 Rc8 16. Qxb7+ Rc7 17. Qb3 Bc5+ 18. e3 Re8 19. Nb5 Rce7 20. Nd4 Nexg4+ 21.
fxg4 Nxg4+ 22. Kg2 Nxe3+ 23. Bxe3 Rxe3 24. Qb7+ R8e7 25. Nc6 Qd6 26. Qxe7+ Rxe7 27. Nxe7 Qf4 28. Nxd5 Qf2+ 29. Kh3 Qf3+ 30.
Kh2 Bd6+ 31. Kg1 Qg3+ 32. Bg2 Bc5+ 0-1

[Event "Open NK Rapid 2025"]
[Site "Helmond, Netherlands"]
[Date "2025.05.03"]
[Round "9.20"]
[White "Kshirsagar, Pranav"]
[Black "Messaoudi, Nino"]
[Result "1-0"]
[TimeControl "15+5"]
[WhiteFideId "1084011"]
[BlackFideId "1099930"]
[WhiteElo "2049"]
[BlackElo "1875"]

1. d4 Nf6 2. c4 e6 3. Nf3 Bb4+ 4. Bd2 Qe7 5. e3 O-O 6. Bd3 d5 7. a3 Bxd2+ 8. Nbxd2 b6 9. cxd5 exd5 10.
O-O c5 11. Rc1 Ba6 12. Bxa6 Nxa6 13. Qa4 Nb8 14. dxc5 bxc5 15. Nb3 Nbd7 16. Rfd1 Rfb8 17. Rc2 h6 18. h3 Rb7 19. Na5 Rb6 20.
b4 cxb4 21. Nc6 Qe4 22. Rd4 Qh7 23. Nxb4 a5 24. Rcd2 Nc5 25. Qc2 Nce4 26. Nxd5 Nxd2 27. Qxh7+ Kxh7 28. Nxb6 Nxf3+ 29. gxf3 Rb8 30.
Nc4 Rb3 31. a4 {time} 1-0

[Event "Open NK Rapid 2025"]
[Site "Helmond, Netherlands"]
[Date "2025.05.03"]
[Round "9.21"]
[White "Winter, Sven"]
[Black "Vogel, Jaap"]
[Result "1-0"]
[TimeControl "15+5"]
[WhiteFideId "1092375"]
[BlackFideId "1000764"]
[WhiteElo "1869"]
[BlackElo "2006"]

1. e4 e6 2. d4 d5 3. Nd2 Nf6 4. e5 Nfd7 5. f4 c5 6. c3 Nc6 7. Ndf3 a5 8. Bd3 g6 9. Ne2 b6 10. f5 gxf5 11.
O-O Ba6 12. Nf4 Qc8 13. Bxa6 Qxa6 14. Ng5 cxd4 15. Nfxe6 fxe6 16. Qh5+ Kd8 17. Nxe6+ Kc8 18. Qe8+ 1-0